[Event "Titled Tuesday Blitz February 21 Late 2023"]
[White "Pinheiro, Iung Alicio de O."]
[Black "Mendez Machado, Andre"]
[WhiteFideId "2104350"]
[BlackFideId "6603793"]
[WhiteElo "2306"]
[BlackElo "1974"]
[Result "1-0"]
[Round "01"]
[TimeControl "180+2"]
[Date "2023.02.21"]
[WhiteClock "0:00:16"]
[BlackClock "0:00:02"]

1. e4 e5 2. Bc4 Nc6 3. d3 Nf6 4. Nc3 Bc5 5. f4 d6 6. Nf3 Bg4 7. h3 Bxf3 8. Qxf3 Nd4 9. Qg3 Nxc2+ 10. Kd1 Nh5 11. Qg4 Nxa1 12. Qxh5 g6 13. Qh6 c6 14. Rf1 Qf6 15. Rf3 O-O-O 16. f5 b5 17. Bg5 Qxg5 18. Qxg5 bxc4 19. Kc1 cxd3 20. Rxd3 gxf5 21. Qxf5+ Kb8 22. Kb1 Rhg8 23. g4 Nb3 24. axb3 Bd4 25. Ne2 Bc5 26. Qxh7 Rh8 27. Qf5 f6 28. Nc3 Kc7 29. Na4 Bb6 30. b4 Rdf8 31. Rc3 Kb7 32. b5 Rc8 33. Qd7+ Rc7 34. bxc6+ Kb8 35. Qe6 Rhc8 36. Nxb6 axb6 37. Qxd6 Ka7 38. Ra3+ Kb8 39. Ra6 b5 40. Rb6+ Ka7 41. Qc5 Ka8 42. Qxb5 Ra7 43. Ra6 Rc7 44. Rxa7+ Rxa7 45. Qb6 Ra4 46. Qb7# 1-0


[Site "https://www.chess.com"]

[Event "Titled Tuesday Blitz February 21 Late 2023"]
[White "Leonte, Sebastian-Marian"]
[Black "Veiga, Jose Francisco R P Neves"]
[WhiteFideId "1268767"]
[BlackFideId "1930087"]
[WhiteElo "1279"]
[BlackElo "2406"]
[Result "1-0"]
[Round "01"]
[TimeControl "180+2"]
[Date "2023.02.21"]
[WhiteClock "0:01:29"]
[BlackClock "0:01:26"]

1. e4 Nc6 2. Nf3 e5 3. Bb5 Nge7 4. c3 g6 5. d4 exd4 6. cxd4 d5 7. exd5 Nxd5 8. O-O Be7 9. Bh6 Bg4 10. h3 Be6 11. Ne5 Qd6 12. Nc3 Nxc3 13. bxc3 f6 14. Nc4 Qd5 15. Qa4 Kf7 16. Ne3 Qd6 17. d5 1-0


[Site "https://www.chess.com"]

[Event "Titled Tuesday Blitz February 21 Late 2023"]
[White "Petukhov, Dmitry"]
[Black "Stanisz, Patryk"]
[WhiteFideId "4142748"]
[BlackFideId "1123106"]
[WhiteElo "2350"]
[BlackElo "2161"]
[Result "1/2-1/2"]
[Round "01"]
[TimeControl "180+2"]
[Date "2023.02.21"]
[WhiteClock "0:00:20"]
[BlackClock "0:00:06"]

1. e4 c5 2. c3 Nf6 3. e5 Nd5 4. d4 cxd4 5. Nf3 Nc6 6. Bc4 Nb6 7. Bb3 d5 8. exd6 Qxd6 9. O-O Be6 10. Bxe6 Qxe6 11. Nxd4 Nxd4 12. Qxd4 Qd7 13. Be3 e6 14. Rd1 Qxd4 15. Bxd4 Nd5 16. Nd2 f6 17. c4 Nf4 18. Kf1 e5 19. Be3 Ne6 20. Ne4 f5 21. Nd6+ Bxd6 22. Rxd6 Ke7 23. Rad1 b6 24. Rd7+ Kf6 25. f3 Rhd8 26. Ke2 f4 27. Bf2 Nd4+ 28. Bxd4 Rxd7 29. Bxe5+ Ke6 30. Bxf4 Rxd1 31. Kxd1 Rd8+ 32. Kc2 Rd4 33. Bb8 Rxc4+ 34. Kb3 Rc1 35. Bxa7 Rc6 36. Bb8 Kd5 37. f4 Re6 38. Be5 g6 39. Kb4 Kc6 40. a4 g5 41. g3 gxf4 42. gxf4 Rh6 43. f5 Rh5 44. Bg3 Rxf5 45. Kc4 h5 46. b4 Rg5 47. b5+ Kb7 48. Be1 h4 49. Kd3 h3 50. Bc3 Rg2 51. Be5 Rg5 52. Ke4 Rg2 53. Kf3 Ra2 54. Kg3 Ra3+ 55. Kg4 Rxa4+ 56. Kxh3 Rb4 57. Kg3 Rxb5 58. Bf6 Rd5 59. h4 Rd6 60. Be5 Re6 61. Kf4 b5 62. Ke4 b4 63. Kd5 Rh6 64. Kc4 Rb6 65. Kb3 Kc6 66. h5 Kb5 67. Bg7 Rb7 68. h6 Rf7 69. h7 Rf3+ 70. Kb2 Rh3 71. h8=Q Rxh8 72. Bxh8 Kc4 73. Bc3 Kb5 74. Bxb4 1/2-1/2


[Site "https://www.chess.com"]

[Event "Titled Tuesday Blitz February 21 Late 2023"]
[White "Hartikainen, Jarmo"]
[Black "Guzman, Christopher"]
[WhiteFideId "503134"]
[BlackFideId "6405096"]
[WhiteElo "2108"]
[BlackElo "2271"]
[Result "0-1"]
[Round "01"]
[TimeControl "180+2"]
[Date "2023.02.21"]
[WhiteClock "0:00:06"]
[BlackClock "0:01:43"]

1. e4 c6 2. d4 d5 3. Nc3 dxe4 4. Nxe4 Nf6 5. Nxf6+ exf6 6. Bf4 Bd6 7. Qf3 O-O 8. Bd3 Na6 9. c3 Nc7 10. Ne2 Nd5 11. Bd2 Re8 12. h4 b5 13. h5 a5 14. h6 g6 15. O-O-O a4 16. Ng3 f5 17. Bxf5 gxf5 18. Rh5 f4 19. Nf5 Re6 20. Nxd6 Qxd6 21. Re1 Rxe1+ 22. Bxe1 Qg6 23. Re5 Bg4 24. Qe4 Qxe4 25. Rxe4 Bf5 26. Re2 Kf8 27. Bd2 Re8 28. Rxe8+ Kxe8 29. b3 axb3 30. axb3 f3 31. g3 Nf6 32. c4 bxc4 33. bxc4 Ng4 34. Be1 Bd3 0-1


[Site "https://www.chess.com"]

[Event "Titled Tuesday Blitz February 21 Late 2023"]
[White "Melian, Juan Sebastian"]
[Black "Dylag, Emilia"]
[WhiteFideId "3706575"]
[BlackFideId "21805172"]
[WhiteElo "2293"]
[BlackElo "2095"]
[Result "1-0"]
[Round "01"]
[TimeControl "180+2"]
[Date "2023.02.21"]
[WhiteClock "0:01:46"]
[BlackClock "0:00:26"]

1. e4 e5 2. Nc3 Nf6 3. g3 d5 4. exd5 Nxd5 5. Bg2 Nxc3 6. bxc3 Bc5 7. Nf3 Nc6 8. O-O O-O 9. d3 Bg4 10. h3 Bh5 11. Be3 Bxe3 12. fxe3 e4 13. dxe4 Qe7 14. Qd5 Bg6 15. Nd4 Nxd4 16. exd4 c6 17. Qc4 Qg5 18. Qd3 Rfe8 19. Rf4 Rad8 20. Raf1 h5 21. Kh2 Re7 22. h4 Qa5 23. Qc4 Qb5 24. Qb3 Rde8 25. e5 Qe2 26. R1f2 Qe3 27. c4 c5 28. Qxe3 1-0


[Site "https://www.chess.com"]

[Event "Titled Tuesday Blitz February 21 Late 2023"]
[White "Kohler, Aran"]
[Black "Fieberg, Samuel"]
[WhiteFideId "1002856"]
[BlackFideId "12901717"]
[WhiteElo "2010"]
[BlackElo "2157"]
[Result "0-1"]
[Round "01"]
[TimeControl "180+2"]
[Date "2023.02.21"]
[WhiteClock "0:01:29"]
[BlackClock "0:01:42"]

1. Nf3 d5 2. d4 c5 3. c3 Nf6 4. Bf4 Nc6 5. e3 Nh5 6. Bg3 Nxg3 7. hxg3 Qb6 8. b3 Bf5 9. Nbd2 e6 10. Nh4 cxd4 11. exd4 O-O-O 12. Nxf5 exf5 13. Bd3 g6 14. O-O Kb8 15. a4 h5 16. Re1 h4 17. g4 h3 18. gxf5 hxg2 19. Kxg2 gxf5 20. Rh1 Bd6 21. Rxh8 Rxh8 22. Nf3 Qd8 23. Qc2 Qg8+ 24. Kf1 Rh1+ 25. Ke2 Rxa1 26. Bxf5 Bf4 27. Qb2 Qe8+ 0-1


[Site "https://www.chess.com"]

[Event "Titled Tuesday Blitz February 21 Late 2023"]
[White "Martynov, Pavel"]
[Black "Wang, Alexander J"]
[WhiteFideId "4101260"]
[BlackFideId "30955270"]
[WhiteElo "2414"]
[BlackElo "1815"]
[Result "1-0"]
[Round "01"]
[TimeControl "180+2"]
[Date "2023.02.21"]
[WhiteClock "0:01:10"]
[BlackClock "0:01:08"]

1. e4 c5 2. Nf3 d6 3. Bb5+ Bd7 4. Bxd7+ Qxd7 5. O-O Nc6 6. c3 Nf6 7. d4 g6 8. d5 Ne5 9. Nxe5 dxe5 10. Nd2 Bg7 11. Re1 O-O 12. Nc4 Qc7 13. a4 Nd7 14. Bg5 Bf6 15. Bh6 Bg7 16. Bg5 Bf6 17. Be3 a6 18. Qb3 Rab8 19. a5 Rfd8 20. Ra4 b5 21. axb6 Nxb6 22. Nxb6 Rxb6 23. Qa2 Rdb8 24. Re2 Ra8 25. Rc4 Rb5 26. b4 Rab8 27. Rxc5 Rxc5 28. Bxc5 Qb7 29. g3 Bg5 30. Qa4 Qb5 31. Qxb5 axb5 32. Ra2 e6 33. d6 Rd8 34. Ra5 Bd2 35. Rxb5 Bxc3 36. Rb7 Bd4 37. d7 f5 38. Be7 1-0


[Site "https://www.chess.com"]

[Event "Titled Tuesday Blitz February 21 Late 2023"]
[White "Zhang, Alan"]
[Black "Klenburg, Michael"]
[WhiteFideId "30936870"]
[BlackFideId "14102072"]
[WhiteElo "2001"]
[BlackElo "2325"]
[Result "0-1"]
[Round "01"]
[TimeControl "180+2"]
[Date "2023.02.21"]
[WhiteClock "0:00:01"]
[BlackClock "0:00:41"]

1. e4 d6 2. d4 Nf6 3. Nc3 g6 4. f3 c6 5. Be3 Nbd7 6. Qd2 b5 7. d5 cxd5 8. Nxd5 a6 9. Qc3 Nxd5 10. exd5 Nf6 11. a4 Bd7 12. a5 Bg7 13. Qd2 O-O 14. g4 Qc7 15. Bb6 Qb7 16. O-O-O Rac8 17. g5 Nh5 18. Ne2 Bf5 19. c3 b4 20. Nd4 bxc3 21. bxc3 Qxd5 22. Bxa6 Rc5 23. Bxc5 Qxc5 24. Nxf5 Qxf5 25. Qd3 Qxa5 26. Kd2 Nf4 27. Qc4 Ne6 28. Ra1 Qxg5+ 29. Kc2 Nc5 30. Bb5 Qf5+ 31. Kb2 Rb8 32. Rhd1 Qxf3 33. Rf1 Qg2+ 0-1


[Site "https://www.chess.com"]

[Event "Titled Tuesday Blitz February 21 Late 2023"]
[White "Chor, Kevin"]
[Black "Curtis, John"]
[WhiteFideId "2090740"]
[BlackFideId "3200256"]
[WhiteElo "1944"]
[BlackElo "2292"]
[Result "1-0"]
[Round "01"]
[TimeControl "180+2"]
[Date "2023.02.21"]
[WhiteClock "0:00:25"]
[BlackClock "0:00:04"]

1. e4 c5 2. Nf3 e6 3. d4 cxd4 4. Nxd4 a6 5. Nc3 Qc7 6. Bd3 b6 7. O-O Bb7 8. Kh1 Nc6 9. Nxc6 Bxc6 10. Qe2 Qb7 11. f4 Nf6 12. Bd2 Be7 13. e5 Nd5 14. Ne4 f5 15. exf6 Nxf6 16. Nxf6+ Bxf6 17. f5 e5 18. Rae1 d5 19. c4 dxc4 20. Bxc4 b5 21. Be6 Rd8 22. Qh5+ g6 23. fxg6 Bxg2+ 24. Kg1 Qb6+ 25. Be3 Qxe6 26. g7+ 1-0


[Site "https://www.chess.com"]

[Event "Titled Tuesday Blitz February 21 Late 2023"]
[White "Marin Ramirez, Gerardo"]
[Black "Sztokbant, Bernardo Vainzoff"]
[WhiteFideId "3901068"]
[BlackFideId "2115956"]
[WhiteElo "2127"]
[BlackElo "2213"]
[Result "0-1"]
[Round "01"]
[TimeControl "180+2"]
[Date "2023.02.21"]
[WhiteClock "0:00:06"]
[BlackClock "0:01:25"]

1. d4 d5 2. Nf3 Nf6 3. c4 e6 4. Nc3 Be7 5. Bg5 O-O 6. e3 h6 7. Bh4 b6 8. cxd5 Nxd5 9. Bg3 Bb7 10. Be2 Nd7 11. O-O c5 12. Nxd5 Bxd5 13. Qa4 cxd4 14. exd4 Nf6 15. Ne5 Ne4 16. Bf4 Bg5 17. Bxg5 Qxg5 18. f4 Qe7 19. Rfd1 Qh4 20. Rf1 Rac8 21. Bd3 Nf6 22. Qd1 Rc7 0-1


[Site "https://www.chess.com"]

[Event "Titled Tuesday Blitz February 21 Late 2023"]
[White "Defend, Balint"]
[Black "Tarnowska, Aleksandra"]
[WhiteFideId "17004853"]
[BlackFideId "1180967"]
[WhiteElo "1673"]
[BlackElo "1835"]
[Result "1-0"]
[Round "01"]
[TimeControl "180+2"]
[Date "2023.02.21"]
[WhiteClock "0:00:59"]
[BlackClock "0:00:01"]

1. e4 c5 2. Nf3 e6 3. c3 d5 4. exd5 Qxd5 5. d4 Nf6 6. Na3 Be7 7. Nb5 Qd8 8. Bf4 Na6 9. dxc5 Qxd1+ 10. Rxd1 Bxc5 11. Nd6+ Ke7 12. b4 Nd5 13. Rxd5 exd5 14. Bxa6 Bxd6 15. Bxd6+ Kxd6 16. Bd3 Bg4 17. Nd4 Rhe8+ 18. Kd2 a6 19. a4 Bh5 20. f4 Bg4 21. f5 g6 22. fxg6 fxg6 23. h3 Bd7 24. a5 Rf8 25. Nf3 Bf5 26. Bxf5 Rxf5 27. Re1 Raf8 28. Kd3 R8f7 29. Nd4 Re5 30. Rb1 Rf2 31. b5 Rxg2 32. bxa6 Rg3+ 33. Kd2 bxa6 34. Rb6+ Kd7 35. Rxa6 Rxh3 36. Ra7+ Kc8 37. a6 Rg5 38. Rg7 Rg2+ 39. Ne2 Rhh2 40. a7 Rxe2+ 41. Kd3 Rd2+ 42. Ke3 Rhe2+ 43. Kf3 Rf2+ 44. Kg3 Rg2+ 45. Kf4 Ra2 46. Ke5 Ra3 47. Kxd5 Rg5+ 48. Kc4 Ra6 49. Kb4 Rb6+ 50. Kc4 Rd6 51. Rg8+ Kc7 52. a8=Q Rc6+ 53. Kd4 Rg4+ 54. Ke3 Rg3+ 55. Kf2 Rgxc3 56. Qa7+ Kd6 57. Rd8+ Ke5 58. Qd4+ Kf5 59. Rf8+ Kg5 60. Qf4+ Kh5 61. Qe5+ Kh4 62. Rf4+ 1-0


[Site "https://www.chess.com"]

[Event "Titled Tuesday Blitz February 21 Late 2023"]
[White "Sailer, Mike"]
[Black "Hirneise, Jens"]
[WhiteFideId "2012901"]
[BlackFideId "24614734"]
[WhiteElo "2109"]
[BlackElo "2277"]
[Result "1-0"]
[Round "01"]
[TimeControl "180+2"]
[Date "2023.02.21"]
[WhiteClock "0:00:27"]
[BlackClock "0:00:25"]

1. d4 d5 2. Bg5 h6 3. Bh4 g6 4. Nc3 Bg7 5. e4 dxe4 6. Nxe4 Qxd4 7. Qxd4 Bxd4 8. O-O-O Bg7 9. Bc4 g5 10. Bg3 Nf6 11. Nxf6+ Bxf6 12. Bxc7 Nc6 13. Nf3 Bg4 14. Be2 Rc8 15. Bg3 Nb4 16. c3 Bf5 17. Bb5+ Kf8 18. a3 Nc6 19. Bxc6 bxc6 20. Nd4 Bxd4 21. Rxd4 c5 22. Rd2 Kg7 23. Rhd1 f6 24. f3 Kf7 25. Bf2 Rc7 26. Rd5 Be6 27. Rxc5 Rhc8 28. Rxc7 Rxc7 29. Rd8 a6 30. Kd2 h5 31. Be3 h4 32. g3 hxg3 33. hxg3 Rd7+ 34. Rxd7 Bxd7 35. f4 Bc6 36. fxg5 Be8 37. gxf6 exf6 38. c4 Ke6 39. Bd4 f5 40. b4 Kd6 41. Ke3 Bf7 42. Kd3 Kc6 43. Be3 Bg6 44. Kd4 Bf7 45. Bf4 Be8 46. a4 Kb6 47. b5 axb5 48. axb5 Bd7 49. Kc3 Be8 50. Kb4 1-0


[Site "https://www.chess.com"]

[Event "Titled Tuesday Blitz February 21 Late 2023"]
[White "Kokoszczynski, Jan"]
[Black "Magallanes, Rey Jomar"]
[WhiteFideId "1174460"]
[BlackFideId "5205948"]
[WhiteElo "2247"]
[BlackElo "2052"]
[Result "1-0"]
[Round "01"]
[TimeControl "180+2"]
[Date "2023.02.21"]
[WhiteClock "0:00:17"]
[BlackClock "0:01:34"]

1. d4 d5 2. c4 e6 3. Nc3 Nf6 4. Nf3 c6 5. Bg5 Nbd7 6. e3 Be7 7. Rc1 O-O 8. Bd3 b6 9. O-O Re8 10. Qa4 Bb7 11. cxd5 cxd5 12. Ba6 Bxa6 13. Qxa6 Ne4 14. Bxe7 Qxe7 15. Nxe4 dxe4 16. Nd2 f5 17. a3 Nf6 18. Nc4 Nd5 19. Ne5 f4 20. Qe2 Qg5 21. Qg4 Qxg4 22. Nxg4 fxe3 23. Nxe3 Rac8 24. g3 g6 25. Kg2 Kf7 26. Ng4 Red8 27. Ne5+ Kg7 28. Rfe1 e3 29. fxe3 Nxe3+ 30. Kf3 Nf5 31. Rxc8 Rxc8 32. g4 Nxd4+ 33. Ke4 Nc6 34. Nf3 Ne7 35. Rd1 Rc7 36. Ke5 Nd5 37. Kxe6 Nf4+ 38. Ke5 Ng2 39. h3 Ne3 40. Rd8 Re7+ 41. Kd6 Rf7 42. Ne5 Rf1 43. Rd7+ Kg8 44. Ke6 Rf8 45. Rxa7 Nc2 46. Rb7 Nd4+ 47. Kd5 Nf3 48. Nxf3 Rxf3 49. Rxb6 Rxh3 50. Rb4 Rf3 51. a4 Rf8 52. Kc6 Ra8 53. Kb6 Rb8+ 54. Kc5 Rc8+ 55. Kd4 Rd8+ 56. Kc3 Rc8+ 57. Kb3 Ra8 58. Rb7 h5 59. gxh5 gxh5 60. Rb5 h4 61. Rh5 Rb8+ 62. Ka3 Kg7 63. Rxh4 Kg6 64. Rf4 Kg5 65. Rf1 Ra8 66. b4 Rb8 67. b5 Ra8 68. Kb4 Rb8 69. a5 Ra8 70. a6 Rb8 71. Ka5 Ra8 72. b6 Kg4 73. b7 Rb8 74. Kb6 Kg3 75. a7 Rxb7+ 76. Kxb7 Kg2 77. Rf7 Kg1 78. a8=Q Kg2 79. Qg8+ Kh1 80. Rh7# 1-0


[Site "https://www.chess.com"]

[Event "Titled Tuesday Blitz February 21 Late 2023"]
[White "olga-belka"]
[Black "Kaplan, Avi Harrison"]
[BlackFideId "30934559"]
[WhiteElo "2132"]
[BlackElo "2146"]
[Result "0-1"]
[Round "01"]
[TimeControl "180+2"]
[Date "2023.02.21"]
[WhiteClock "0:00:01"]
[BlackClock "0:00:15"]

1. e4 d6 2. d4 Nf6 3. Nc3 Nbd7 4. Nf3 e5 5. Be2 c6 6. O-O h6 7. h3 Be7 8. Be3 O-O 9. Nd2 Qc7 10. a4 Re8 11. f4 Nf8 12. Nc4 exd4 13. Bxd4 d5 14. exd5 cxd5 15. Ne5 Bc5 16. Nb5 Bxd4+ 17. Qxd4 Qxc2 18. Bd3 Qb3 19. Ra3 Ne6 20. Rxb3 Nxd4 21. Nxd4 b6 22. Bb5 Rd8 23. Rc3 a6 24. Bd3 Nd7 25. Ndc6 Re8 26. Nxd7 Bxd7 27. Ne5 Bxa4 28. Rc7 f6 29. Ng6 Bb5 30. Bxb5 axb5 31. Ne7+ Kh7 32. Nxd5 Re2 33. Nxf6+ Kg6 34. Ng4 Rxb2 35. Ne5+ Kh7 36. Rf2 Ra1+ 37. Rf1 Raa2 38. Rd1 Rxg2+ 39. Kh1 Rh2+ 0-1


[Site "https://www.chess.com"]

[Event "Titled Tuesday Blitz February 21 Late 2023"]
[White "Sadovsky, Artem"]
[Black "Adel, Sara"]
[WhiteFideId "4155840"]
[BlackFideId "10616764"]
[WhiteElo "2276"]
[BlackElo "1739"]
[Result "1-0"]
[Round "01"]
[TimeControl "180+2"]
[Date "2023.02.21"]
[WhiteClock "0:00:43"]
[BlackClock "0:00:12"]

1. Nf3 Nf6 2. e3 g6 3. b3 Bg7 4. Bb2 O-O 5. Be2 Nc6 6. O-O d6 7. d4 e5 8. dxe5 Ng4 9. c4 Ncxe5 10. Nxe5 Nxe5 11. Nc3 h5 12. h3 Be6 13. Qd2 Qd7 14. f4 Nc6 15. Nd5 Bxh3 16. Bxg7 Kxg7 17. gxh3 Qxh3 18. Bf3 Rae8 19. Qg2 Qd7 20. Rae1 Ne7 21. Nxe7 Rxe7 22. Bxb7 h4 23. Bc6 Qf5 24. Kh2 Rh8 25. Qh3 Qc2+ 26. Qg2 Qf5 27. e4 Qh5 28. f5 g5 29. f6+ 1-0


[Site "https://www.chess.com"]

[Event "Titled Tuesday Blitz February 21 Late 2023"]
[White "Levine, David"]
[Black "Nygren, Kim"]
[WhiteFideId "2011611"]
[BlackFideId "1706136"]
[WhiteElo "2040"]
[BlackElo "2183"]
[Result "0-1"]
[Round "01"]
[TimeControl "180+2"]
[Date "2023.02.21"]
[WhiteClock "0:00:02"]
[BlackClock "0:00:16"]

1. d4 Nf6 2. c4 e6 3. g3 d5 4. Bg2 Bb4+ 5. Bd2 Be7 6. Nf3 O-O 7. O-O dxc4 8. Qc2 a6 9. Qxc4 b5 10. Qc2 Bb7 11. Bf4 Nd5 12. Nbd2 Nxf4 13. gxf4 Nd7 14. Ne4 Rc8 15. Nc5 Nxc5 16. dxc5 Bc6 17. b4 Bf6 18. Rad1 Qe7 19. e3 Rcd8 20. Rxd8 Rxd8 21. Rd1 g6 22. Ne1 Bxg2 23. Kxg2 Rxd1 24. Qxd1 Bc3 25. Nd3 Qd7 26. Qc2 Qd5+ 27. f3 Bf6 28. Qb3 Qh5 29. Qa3 g5 30. fxg5 Bxg5 31. Nf2 Qg6 32. Qxa6 Bxe3+ 33. Kf1 Qc2 34. Ne4 Qd3+ 35. Kg2 Kg7 36. Qc6 Qe2+ 37. Kg3 Bg1 38. Ng5 Qxh2+ 39. Kg4 h5# 0-1


[Site "https://www.chess.com"]

[Event "Titled Tuesday Blitz February 21 Late 2023"]
[White "Filgueira, Hernan"]
[Black "Michalski, Olaf"]
[WhiteFideId "101770"]
[BlackFideId "1106740"]
[WhiteElo "2283"]
[BlackElo "2273"]
[Result "1-0"]
[Round "01"]
[TimeControl "180+2"]
[Date "2023.02.21"]
[WhiteClock "0:00:49"]
[BlackClock "0:00:01"]

1. c4 Nf6 2. g3 c6 3. Bg2 d5 4. Nf3 d4 5. O-O Nbd7 6. d3 e5 7. e3 dxe3 8. fxe3 Bd6 9. d4 O-O 10. Nc3 exd4 11. exd4 h6 12. Nh4 Re8 13. Nf5 Bf8 14. c5 Nxc5 15. dxc5 Qxd1 16. Nxd1 Bxc5+ 17. Kh1 Re2 18. Nc3 Rc2 19. Ne4 Nxe4 20. Bxe4 Re2 21. Bd3 Re8 22. Bf4 Be6 23. h3 Rad8 24. Bc2 Bc4 25. Rfe1 1-0


[Site "https://www.chess.com"]

[Event "Titled Tuesday Blitz February 21 Late 2023"]
[White "Marin Masis, Jose Esteban"]
[Black "Drnovsek, Gal"]
[WhiteFideId "6508146"]
[BlackFideId "14607077"]
[WhiteElo "1938"]
[BlackElo "2397"]
[Result "0-1"]
[Round "01"]
[TimeControl "180+2"]
[Date "2023.02.21"]
[WhiteClock "0:00:18"]
[BlackClock "0:00:18"]

1. e4 e5 2. Nf3 Nc6 3. Bb5 a6 4. Ba4 b5 5. Bb3 g6 6. d4 exd4 7. Nxd4 Na5 8. a4 b4 9. Qf3 Nxb3 10. cxb3 Bg7 11. Nc2 Rb8 12. O-O Ne7 13. Nd2 d6 14. Nc4 Be6 15. Na5 c6 16. Nc4 d5 17. exd5 cxd5 18. N4e3 O-O 19. Rd1 Qc8 20. Nd4 Nc6 21. Nxc6 Qxc6 22. Nxd5 Bxd5 23. Qxd5 Qf6 24. Be3 Qxb2 25. Rab1 Qe2 26. Rd2 Qg4 27. Rbd1 Bc3 28. Rd3 Qe2 29. Bc5 Rfe8 30. h3 Bf6 31. R3d2 Qe5 32. Qxe5 Rxe5 33. Rd6 Be7 34. R6d5 Rxd5 35. Rxd5 Bf6 36. Bd4 Bxd4 37. Rxd4 a5 38. Rd5 Ra8 39. Kf1 Kf8 40. Ke2 Ke7 41. Kd3 Ke6 42. Kc4 Rc8+ 43. Rc5 Rxc5+ 44. Kxc5 Ke5 45. Kb5 Kd4 46. Kxa5 Kc3 47. Kb5 Kxb3 48. a5 Kc3 49. a6 b3 50. a7 b2 51. a8=Q b1=Q+ 52. Kc6 Qe4+ 0-1


[Site "https://www.chess.com"]

[Event "Titled Tuesday Blitz February 21 Late 2023"]
[White "Urbina Perez, Juan Antonio"]
[Black "Winkels, Marcel"]
[WhiteFideId "2217368"]
[BlackFideId "1003887"]
[WhiteElo "2266"]
[BlackElo "1960"]
[Result "1-0"]
[Round "01"]
[TimeControl "180+2"]
[Date "2023.02.21"]
[WhiteClock "0:00:46"]
[BlackClock "0:00:04"]

1. d4 Nf6 2. c4 g6 3. Nf3 Bg7 4. e3 O-O 5. Be2 c6 6. O-O d6 7. Nc3 Nbd7 8. b4 a6 9. a4 e5 10. Bb2 e4 11. Nd2 Re8 12. b5 axb5 13. axb5 Rxa1 14. Qxa1 d5 15. bxc6 bxc6 16. cxd5 cxd5 17. Ba3 h5 18. Nb5 Bf8 19. Nd6 Re6 20. Nxc8 Qxc8 21. Bxf8 Nxf8 22. Rc1 Qb7 23. h3 Kg7 24. Qa4 N8d7 25. Bb5 Rb6 26. Bxd7 Nxd7 27. Nf1 Nf6 28. Ng3 h4 29. Ne2 Rb2 30. Nc3 Qb3 31. Qxb3 Rxb3 32. Kf1 Rb2 33. Na4 Ra2 34. Nb6 g5 35. Kg1 g4 36. hxg4 Nxg4 37. Rf1 Nf6 38. f3 exf3 39. Rxf3 Rb2 40. Na4 Rb4 41. Nc5 Rc4 42. Kh2 Rc3 43. Kh3 Rc2 44. Rf4 Ne4 45. Nxe4 dxe4 46. Rxe4 Re2 47. d5 Kf6 48. Rf4+ Ke7 49. e4 Rd2 50. Rxh4 Re2 51. Rf4 Ke8 52. g3 Re3 53. Kh4 Ke7 54. g4 Re1 55. Kg5 Rd1 56. Kf5 Rf1 57. Rxf1 1-0


[Site "https://www.chess.com"]

[Event "Titled Tuesday Blitz February 21 Late 2023"]
[White "Matsuura, Frederico"]
[Black "Toncheva, Nadya"]
[WhiteFideId "2107848"]
[BlackFideId "2924056"]
[WhiteElo "2244"]
[BlackElo "2295"]
[Result "1-0"]
[Round "01"]
[TimeControl "180+2"]
[Date "2023.02.21"]
[WhiteClock "0:00:19"]
[BlackClock "0:00:05"]

1. d4 d5 2. c4 c6 3. Nc3 Nf6 4. e3 e6 5. Nf3 Nbd7 6. Bd3 dxc4 7. Bxc4 b5 8. Bd3 Bd6 9. e4 e5 10. O-O O-O 11. Bg5 h6 12. Bh4 a6 13. Re1 Qe7 14. Qc2 Bb7 15. Rad1 Rfe8 16. a3 Qe6 17. Bg3 Rad8 18. d5 cxd5 19. exd5 Qg4 20. h3 Qh5 21. Be2 Qg6 22. Bd3 Qh5 23. Be2 Bc5 24. Nxe5 Qg5 25. Nd3 Bb6 26. Bf4 Qg6 27. Nb4 Qxc2 28. Nxc2 Nc5 29. Bf3 Rxe1+ 30. Nxe1 Ba5 31. b4 Bb6 32. bxc5 Bxc5 33. a4 b4 34. Ne4 Nxe4 35. Bxe4 b3 36. Rb1 Bxd5 37. Rd1 b2 38. Bxd5 Rxd5 39. Rb1 Bd4 40. Kf1 Rc5 41. Ke2 Rf5 42. Be3 Bf6 43. Nd3 Ra5 44. Kd2 Rxa4 45. Nxb2 Rb4 46. Kc2 a5 47. Bd2 Re4 48. Re1 Rxe1 49. Bxe1 Bd8 50. Nc4 a4 51. Nb2 a3 52. Nc4 Be7 53. Kb3 g5 54. Nxa3 Kg7 55. Nb5 Kg6 56. Kc4 f5 57. Kd5 Bf6 58. Bc3 Be7 59. Ke6 Bc5 60. f3 Bb6 61. Nd6 f4 62. Nc4 Bf2 63. Ne5+ Kh5 64. Ng4 Bc5 65. Be1 Bb6 66. Kf5 Bd8 67. Nf6+ Bxf6 68. Kxf6 g4 69. hxg4# 1-0


[Site "https://www.chess.com"]

[Event "Titled Tuesday Blitz February 21 Late 2023"]
[White "Ibadov, Dashgyn"]
[Black "Marcolino, Daniel Mattos"]
[WhiteFideId "24107514"]
[BlackFideId "2106841"]
[WhiteElo "2391"]
[BlackElo "2006"]
[Result "1-0"]
[Round "01"]
[TimeControl "180+2"]
[Date "2023.02.21"]
[WhiteClock "0:00:40"]
[BlackClock "0:00:01"]

1. e4 c6 2. d4 d5 3. Nc3 dxe4 4. Nxe4 Nd7 5. Nf3 Ngf6 6. Bd3 Nxe4 7. Bxe4 Nf6 8. Bd3 Bg4 9. c3 e6 10. h3 Bxf3 11. Qxf3 Qd5 12. Qxd5 cxd5 13. Bf4 a6 14. a4 Kd7 15. a5 Bd6 16. Bxd6 Kxd6 17. Ra4 Rhb8 18. Rb4 Kc6 19. Kd2 b6 20. axb6 Rxb6 21. Rxb6+ Kxb6 22. g4 g5 23. f3 h6 24. h4 Rg8 25. hxg5 hxg5 26. Rh6 Ne8 27. Rh7 Nd6 28. b3 a5 29. c4 dxc4 30. bxc4 Kc7 31. c5 Ne8 32. Rxf7+ Kc6 33. Be4+ Kb5 34. Rb7+ Kc4 35. Ke3 Nf6 36. Ra7 Nxe4 37. Kxe4 e5 38. dxe5 1-0


[Site "https://www.chess.com"]

[Event "Titled Tuesday Blitz February 21 Late 2023"]
[White "Bongo Akanga Ndjila, Barthelemy"]
[Black "Bilan, Danila"]
[WhiteFideId "10609431"]
[BlackFideId "24161918"]
[WhiteElo "1824"]
[BlackElo "2303"]
[Result "0-1"]
[Round "01"]
[TimeControl "180+2"]
[Date "2023.02.21"]
[WhiteClock "0:01:20"]
[BlackClock "0:00:39"]

1. d4 d5 2. c4 c6 3. e3 Nf6 4. Nc3 e6 5. Qc2 Nbd7 6. Nf3 Bd6 7. c5 Bc7 8. b4 e5 9. Nxe5 Nxe5 10. dxe5 Bxe5 11. Bb2 O-O 12. Bd3 Re8 13. Na4 Bxb2 14. Nxb2 d4 15. O-O-O Nd5 16. a3 a5 17. Bxh7+ Kf8 18. Nc4 axb4 19. Nd6 Re7 20. Rxd4 Rxa3 21. Rxd5 cxd5 22. Qb2 Rc3+ 23. Bc2 Rxc5 24. Nxc8 Qxc8 25. Qb3 Rc3 26. Qb2 b3 0-1


[Site "https://www.chess.com"]

[Event "Titled Tuesday Blitz February 21 Late 2023"]
[White "Santos Flores, Alberto"]
[Black "Calcada, Lucas Galvan"]
[WhiteFideId "3601234"]
[BlackFideId "22746099"]
[WhiteElo "2164"]
[BlackElo "1739"]
[Result "1-0"]
[Round "01"]
[TimeControl "180+2"]
[Date "2023.02.21"]
[WhiteClock "0:01:43"]
[BlackClock "0:01:03"]

1. e4 c5 2. Nf3 d6 3. Bb5+ Nd7 4. d4 cxd4 5. Qxd4 a6 6. Bxd7+ Bxd7 7. Nc3 e6 8. Bg5 Qc7 9. O-O-O Bc6 10. Rhe1 h6 11. Bh4 b5 12. Kb1 e5 13. Nd5 Qb7 14. Nxe5 dxe5 15. Qxe5+ Ne7 16. Nc7+ Qxc7 17. Qxc7 Rc8 18. Qa7 g5 19. Bg3 Bg7 20. Bd6 Ng6 21. Qxa6 Bd7 22. Bb4 1-0


[Site "https://www.chess.com"]